Map: Dusty Gorge

Players

SxyBastrd

  • Race: Terran Terran
  • League: Gold
  • Spawn Location: 5:00

Flannery

  • Race: Zerg Zerg
  • Spawn Location: 3:00

WangusKahn - Winner!

  • Race: Zerg Zerg
  • Spawn Location: 11:00

BenDoverMan - Winner!

  • Race: Protoss Protoss
  • Spawn Location: 9:00

VOD

Have the link to the VOD?

Description

Time

  • Played on: April 16, 2019, 12:31 a.m.
  • Length: 7:07
Show
View Real Time Build Order
Export as new Build Order

SxyBastrd Terran 

Build Orders:  

Get SALT Encoding   

  12  0:01  SCV  
  13  0:13  SCV  
  14  0:19  Supply Depot  
  14  0:25  SCV  
  15  0:33  Refinery  
  15  0:40  SCV  
  16  0:46  Barracks  
  16  0:53  SCV  
  17  1:05  SCV  
  18  1:17  SCV  
  19  1:19  Supply Depot  
  19  1:29  SCV  
  20  1:34  Marine  
  21  1:44  Barracks  
  21  1:45  SCV  
  22  1:52  Marine  
  23  1:58  SCV  
  24  2:01  Refinery  
  24  2:09  Factory  
  24  2:10  Marine, SCV  
  26  2:28  Marine  
  27  2:32  Orbital Command  
  27  2:36  Barracks Tech Lab  
  27  2:46  Marine  
  28  3:02  Command Center  
  28  3:06  SCV  
  28  3:08  Factory Reactor  
  29  3:17  Starport  
  29  3:23  Marine, Barracks Reactor  
  30  3:29  SCV, Supply Depot  
  31  3:37  Stimpack  
  31  3:48  Marine  
  31  4:00  Marine  
  32  4:06  Marine  
  33  4:12  Marine  
  33  4:13  Factory Tech Lab  
  33  4:14  Medivac  
  33  4:15  Medivac  
  38  4:22  Orbital Command  
  38  4:24  Marine, SCV  
  38  4:30  Marine  
  41  4:36  SCV  
  41  4:37  Marine  
  43  4:41  Marine  
  43  4:45  Engineering Bay  
  44  4:46  Liberator  
  44  4:48  SCV  
  45  4:52  Marine  
  45  4:59  Marine  
  47  5:00  SCV  
  47  5:06  Siege Tank  
  54  5:14  Supply Depot  
  54  5:22  Marine  
  54  5:24  SCV  
  54  5:35  SCV  
  29  5:54  Marine  
  17  6:12  Marine  
  18  6:29  Marine  
  19  6:34  Missile Turret, SCV  
  20  6:46  SCV  
Show
View Real Time Build Order
Export as new Build Order

Flannery Zerg 

Build Orders: Hatch First 

Get SALT Encoding   

  12  0:01  Drone  
  13  0:13  Overlord  
  13  0:19  Drone  
  14  0:32  Drone  
  14  0:34  Drone  
  16  0:47  Drone  
  17  0:59  Drone  
  17  1:01  Hatchery  
  17  1:02  Extractor  
  16  1:23  Drone x2  
  18  1:27  Spawning Pool  
  18  1:32  Drone  
  18  1:43  Drone  
  19  1:48  Overlord  
  19  2:00  Drone  
  20  2:11  Drone  
  21  2:16  Queen x2  
  21  2:18  Metabolic Boost  
  25  2:25  Zergling x4  
  25  2:26  Drone  
  28  2:41  Drone  
  29  3:08  Drone  
  29  3:09  Drone x5  
  35  3:17  Evolution Chamber  
  34  3:23  Roach Warren  
  33  3:28  Drone  
  33  3:29  Drone, Zergling x2  
  33  3:30  Overlord  
  36  3:46  Lair  
  36  3:50  Zergling x6  
  36  3:51  Zergling x2  
  36  3:52  Zergling x2, Hatchery  
  41  3:55  Zergling x2  
  41  4:02  Zergling x4  
  43  4:04  Overlord  
  43  4:25  Drone x4  
  43  4:26  Drone x4  
  43  4:29  Extractor  
  50  4:33  Zerg Melee Weapons Level 1  
  50  4:36  Extractor  
  50  4:38  Drone, Extractor  
  48  4:39  Drone x3  
  48  4:44  Overlord x2  
  52  5:05  Drone  
  52  5:06  Baneling Nest  
  52  5:11  Queen  
  52  5:12  Overlord  
  52  5:13  Drone x3  
  52  5:14  Drone, Zergling x2  
  58  5:15  Zergling x2  
  35  5:44  Drone x5  
  35  5:45  Drone x7  
  37  5:59  Spore Crawler  
  30  6:06  Overseer  
  20  6:30  Zergling x6  
  20  6:31  Zergling x12  
  29  6:38  Zergling x4  
  27  6:41  Zergling x2  
  27  6:50  Zergling x2  
Show
View Real Time Build Order
Export as new Build Order

WangusKahn Zerg - Winner!

Build Orders: Hatch First 

Get SALT Encoding   

  12  0:13  Drone x2  
  14  0:21  Overlord  
  14  0:44  Hatchery  
  14  0:49  Drone  
  14  0:52  Drone  
  14  0:56  Drone  
  16  1:02  Drone  
  17  1:17  Spawning Pool  
  16  1:20  Drone  
  16  1:23  Drone  
  18  1:44  Extractor  
  17  1:48  Extractor  
  17  1:49  Drone x2  
  18  1:54  Drone  
  18  1:57  Drone  
  20  2:05  Drone  
  21  2:14  Zergling x2  
  22  2:17  Drone  
  23  2:24  Queen  
  23  2:26  Zergling x4  
  27  2:30  Overlord  
  27  2:37  Metabolic Boost, Zergling x2  
  28  2:48  Queen  
  30  2:57  Hatchery  
  29  3:09  Lair  
  29  3:13  Drone  
  29  3:16  Drone  
  29  3:18  Drone  
  32  3:21  Drone  
  32  3:26  Drone  
  34  3:32  Spore Crawler  
  33  3:38  Extractor  
  32  3:41  Extractor  
  32  3:45  Drone x3  
  34  3:51  Drone  
  34  3:52  Drone  
  35  4:11  Drone x6  
  41  4:19  Drone  
  41  4:22  Overlord  
  41  4:23  Overlord  
  42  4:33  Spire  
  42  4:36  Drone  
  42  4:40  Overlord  
  42  4:44  Overlord  
  42  4:55  Drone  
  42  4:56  Drone x4  
  47  5:00  Overlord  
  47  5:06  Drone x2  
  49  5:07  Drone  
  49  5:13  Overseer  
  47  5:44  Mutalisk x4  
  47  5:45  Mutalisk x4  
  47  5:49  Zergling x2  
  64  5:50  Zergling x10  
  64  5:51  Zergling x2  
  70  6:06  Queen  
  70  6:08  Extractor  
  70  6:30  Mutalisk  
  70  6:31  Mutalisk x4  
  80  6:33  Drone  
  80  6:34  Drone  
  82  6:49  Drone  
  82  6:50  Drone  
Show
View Real Time Build Order
Export as new Build Order

BenDoverMan Protoss - Winner!

Build Orders: Zealot Archon, Dark Templar Rush 

Get SALT Encoding   

  12  0:03  Probe  
  13  0:15  Probe  
  14  0:23  Pylon  
  14  0:34  Assimilator  
  14  0:46  Gateway  
  14  0:48  Pylon  
  14  0:52  Probe  
  15  1:00  Probe  
  15  1:09  Probe  
  16  1:14  Pylon  
  17  1:20  Probe  
  18  1:32  Probe  
  19  1:39  Assimilator, Cybernetics Core  
  19  1:44  Probe  
  20  1:54  Pylon  
  20  1:56  Probe  
  20  1:58  Warp Gate  
  21  2:09  Probe  
  22  2:24  Forge  
  22  2:26  Twilight Council  
  22  2:33  Gateway  
  22  2:59  Shield Battery  
  22  3:00  Photon Cannon  
  22  3:07  Dark Shrine  
  22  3:13  Robotics Facility  
  22  3:24  Gateway  
  22  3:39  Gateway  
  22  3:43  Photon Cannon  
  22  3:50  Warp Prism  
  22  3:51  Pylon  
  24  4:21  Dark Templar  
  24  4:22  Dark Templar  
  28  4:28  Dark Templar  
  30  4:33  Dark Templar  
  32  5:17  Dark Templar x2  
  30  5:41  Dark Templar x2  
  30  6:00  Archon  
  30  6:06  Assimilator  
  30  6:24  Probe  
  31  6:36  Probe  
  31  6:38  Nexus  
  32  6:50  Zealot x2  
  32  6:51  Zealot x2  
Tags
 
Add a new tag
Caveats
  • Supply blocks, unpowered buildings, or Contaminate may cause inaccurate times.
  • Supply counts are checked every 10 seconds.